 Dungeon Crawl Stone Soup version 0.31-a0-1009-g454b1f1e0a (webtiles) character file.

Game seed: 8417125158676330806

7664 ChronoRanger the Grappler (level 10, -6/102 HPs)
             Began as a Troll Shapeshifter on Nov 16, 2023.
             Was a Priest of Makhleb.
             Hit by a large rock thrown by a cyclops (38 damage)
             ... on level 9 of the Dungeon.
             The game lasted 00:14:30 (6067 turns).

ChronoRanger the Grappler (Troll Shapeshifter)      Turns: 6067, Time: 00:14:31

Health: -6/102     AC:  4    Str: 28    XL:     10   Next: 99%
Magic:  9/9        EV: 25    Int:  6    God:    Makhleb [***...]
Gold:   337        SH:  0    Dex: 15    Spells: 9/9 levels left

rFire   . .          .
                       - Unarmed
rCold   . . .        (no shield)
rNeg    . . .        a - +0 animal skin
rPois   .            (helmet currently unavailable)
rElec   .            (cloak currently unavailable)
rCorr   .            (gloves unavailable)
SInv    .            (boots unavailable)
Will    +....        l - amulet of the acrobat
Stlth   +            j - +6 ring of dexterity
HPRegen 1.17/turn    r - ring of willpower
MPRegen 0.11/turn

%: acrobat
@: mighty, beast-form, acrobatic
A: beast (slay +4), large, unfitting armour, claws 3, regeneration 1, shaggy fur
1, tough skin 1
a: Begin Untransformation, Renounce Religion, Minor Destruction, Lesser Servant
of Makhleb


You were on level 9 of the Dungeon.
You worshipped Makhleb.
Makhleb was most pleased with you.
You were a hulking beast.
You visited 1 branch of the dungeon, and saw 9 of its levels.
You also visited: Sewer.

You collected 493 gold pieces.
You spent 156 gold pieces at shops.

Inventory:

Missiles
 y - 4 throwing nets
Armour
 a - a +0 animal skin (worn)
 E - a scarf of repulsion
Jewellery
 g - a ring of magical power
 j - a +6 ring of dexterity (left claw)
 l - an amulet of the acrobat (around neck)
 r - a ring of willpower (right claw)
 v - a ring of positive energy
 w - a ring of protection from cold
Talismans
 c - a beast talisman
 d - a flux talisman
Wands
 u - a wand of mindburst (14)
 F - a wand of roots (15)
 H - a wand of digging (6)
 I - a wand of acid (4)
Scrolls
 f - 6 scrolls of teleportation
 h - a scroll of vulnerability {unknown}
 i - a scroll of amnesia {unknown}
 k - 2 scrolls of blinking
 m - a scroll of fog
 n - a scroll of enchant armour {unknown}
 p - a scroll of revelation {unknown}
 B - a scroll of immolation {unknown}
 G - 2 scrolls of fear {unknown}
 J - a scroll of identify
Potions
 b - 2 potions of lignification
 e - 5 potions of curing
 o - a potion of ambrosia {unknown}
 q - a potion of resistance
 s - 2 potions of berserk rage
 t - 2 potions of cancellation
 x - a potion of heal wounds
 z - a potion of mutation
 C - 2 potions of haste {unknown}
 D - 2 potions of enlightenment


   Skills:
 + Level 7.6 Fighting
 - Level 1.5 Dodging
 * Level 13.0 Unarmed Combat
 - Level 7.0 Shapeshifting


You had 9 spell levels left.
You didn't know any spells.
Your spell library contained the following spells:

 Spells                   Type           Power      Damage    Failure   Level
 Freeze                   Ice            0%         1d3       45%         1
 Sandblast                Erth           0%         2d4       45%         1
 Slow                     Hex            0%         N/A       45%         1
 Summon Small Mammal      Summ           0%         N/A       45%         1
 Cigotuvi's Dreadful Rot  Necr/Pois/Air  0%         N/A       58%         2
 Passwall                 Tmut/Erth      0%         N/A       58%         2
 Poisonous Vapours        Pois/Air       0%         N/A       58%         2
 Call Canine Familiar     Summ           0%         N/A       83%         3
 Confusing Touch          Hex            0%         N/A       83%         3
 Frozen Ramparts          Ice            0%         1d1       83%         3
 Hailstorm                Conj/Ice       0%         3d3       83%         3
 Ignite Poison            Fire/Tmut/Pois 0%         N/A       83%         3
 Mephitic Cloud           Conj/Pois/Air  0%         N/A       83%         3
 Sigil of Binding         Hex            0%         N/A       83%         3
 Stone Arrow              Conj/Erth      0%         3d7       83%         3
 Summon Guardian Golem    Hex/Summ       0%         N/A       83%         3
 Vampiric Draining        Necr           0%         2d6       83%         3
 Brom's Barrelling Bould  Conj/Erth      0%         2d3       99%         4
 Freezing Cloud           Conj/Ice/Air   0%         6-21      100%        5


Dungeon Overview and Level Annotations

Branches:
Dungeon (9/15)             Temple (0/1) D:5            Lair (0/5) D:9
  Sewer (visited)
    Orc: D:9-12

Altars:
Cheibriados
Kikubaaqudgha
Makhleb
Ru
Trog
Uskayaw
Xom
Yredelemnul

Shops:
D:5 !

Annotations:
D:6 1 runed translucent door, stendehmen's ghost, novice OpSh


Innate Abilities, Weirdness & Mutations

You are a hulking beast.
Your limbs bulge with bestial killing power. (Slay +4)
You are too large for most types of armour.
You have claws for hands.
Your natural rate of healing is unusually fast.
You are covered in fur. (AC +1)
You have tough skin. (AC +1)


Message History

You feel very sick.
The deep elf pyromancer gestures at you while chanting.
The sticky flame hits you.
You are covered in liquid flames!
* * * LOW HITPOINT WARNING * * *
You mangle the deep elf pyromancer!!
The deep elf pyromancer is severely wounded.
You are covered in liquid flames!
* * * LOW HITPOINT WARNING * * *
You feel very sick.
You claw the deep elf pyromancer!
You kill the deep elf pyromancer!
Makhleb accepts your kill.
You are covered in liquid flames!
* * * LOW HITPOINT WARNING * * *
You feel sick. The meliai barely misses you. The meliai stings you.
* * * LOW HITPOINT WARNING * * *
You eviscerate the meliai!!!
You kill the meliai!
Makhleb accepts your kill.
You feel better.
You are covered in liquid flames!
* * * LOW HITPOINT WARNING * * *
You are no longer on fire.
You feel very sick.
A cyclops comes into view.
Your Unarmed Combat skill increases to level 13!
You feel sick.
There is an open door, spattered with blood here.
You feel sick.
You feel sick.
You feel sick.
You feel sick.
You feel sick.
You feel sick.
You feel sick.
You feel sick.
You are no longer poisoned.
The cyclops throws a large rock.
The large rock hits you!!!
You die...

#...............###).####..#
..<..............#..###..###
...................##..###
.................###..#+
#..............###..###
#...........###...†#
#........###..###.#
######)###....# #.#
#######.'.h....# #.# ##
##...##..###....# ..# #(
##..........###..##### ##.
#.......###...###....# #C#
#.......####....###C.###)# ##
#.......#.....#...###..#'###.
##.....##.....###...##..##...
##......>............###.†[.#
#.............#####....###...


You could see a cyclops.

Vanquished Creatures
  A centaur warrior (D:9)
  A two-headed ogre (D:9)
  A deep elf pyromancer (D:9)
  A manticore (D:9)
  A kobold demonologist (D:9)
  A meliai (D:9)
  2 trolls (D:9)
  2 wyverns (D:9)
  A yak (D:9)
  A wraith (D:9)
  2 vampire mosquitoes (D:8)
  2 acid dragons (D:9)
  2 water moccasins
  Pargi (Sewer)
  An orc warrior (D:6)
  A black bear (D:7)
  A hornet zombie (D:7)
  4 ice beasts
  2 centaurs
  A kobold brigand (D:7)
  2 bullfrogs
  2 necrophages (D:7)
  5 scorpions
  21 wights
  A centaur zombie (D:7)
  4 hounds
  3 jellies
  A human zombie (D:7)
  2 sleepcaps (D:3)
  4 iguanas
  4 orc wizards
  A killer bee zombie (D:7)
  3 mummies (D:7)
  A howler monkey zombie (D:7)
  10 gnolls
  14 adders
  3 river rats (D:4)
  A shadow imp (D:7)
  3 white imps
  5 worms
  4 dart slugs
  17 orcs
  7 endoplasms
  2 giant cockroaches
  5 goblins
  7 hobgoblins
  6 jackals
  2 quokkas
  6 ball pythons
  3 bats
  8 frilled lizards
  13 kobolds
  4 rats
203 creatures vanquished.

Notes
Turn   | Place    | Note
-------+----------+-------------------------------------------
     0 | D:1      | ChronoRanger the Troll Shapeshifter began the quest for the
                  | Orb.
     0 | D:1      | Reached XP level 1. HP: 18/18 MP: 0/0
   221 | D:1      | Reached skill level 1 in Fighting
   279 | D:1      | Reached XP level 2. HP: 27/27 MP: 1/1
   793 | D:2      | Reached XP level 3. HP: 33/33 MP: 2/2
   987 | D:2      | Reached skill level 4 in Unarmed Combat
   996 | D:2      | Reached XP level 4. HP: 37/41 MP: 3/3
  1417 | D:3      | Reached XP level 5. HP: 49/49 MP: 4/4
  1471 | D:3      | Found a bloodstained altar of Trog.
  1543 | D:3      | Found a snail-covered altar of Cheibriados.
  1719 | D:4      | Reached skill level 5 in Unarmed Combat
  1834 | D:4      | Reached XP level 6. HP: 59/59 MP: 5/5
  1881 | D:4      | Found a glowing drain.
  1896 | Sewer    | Entered a sewer
  1945 | Sewer    | Noticed Pargi
  1948 | Sewer    | Killed Pargi
  2110 | D:4      | Found a burning altar of Makhleb.
  2169 | D:4      | Became a worshipper of Makhleb the Destroyer
  2236 | D:4      | Reached skill level 6 in Unarmed Combat
  2498 | D:5      | Entered Level 5 of the Dungeon
  2503 | D:5      | Reached XP level 7. HP: 59/67 MP: 6/6
  2512 | D:5      | Found a staircase to the Ecumenical Temple.
  2545 | D:5      | Found Vathis's Distillery.
  2552 | D:5      | Bought a potion of heal wounds for 65 gold pieces
  2552 | D:5      | Bought a potion of attraction for 39 gold pieces
  2552 | D:5      | Bought a potion of might for 52 gold pieces
  2597 | D:5      | Found an ancient bone altar of Kikubaaqudgha.
  2842 | D:5      | Reached skill level 5 in Shapeshifting
  2854 | D:5      | Reached skill level 7 in Unarmed Combat
  3105 | D:5      | Reached XP level 8. HP: 49/78 MP: 7/7
  3186 | D:5      | Reached * piety under Makhleb
  3449 | D:6      | Reached skill level 8 in Unarmed Combat
  3661 | D:6      | Found a runed translucent door.
  3661 | D:6      | Found a shimmering altar of Xom.
  3661 | D:6      | Noticed stendehmen's ghost (novice OpSh)
  3661 | D:6      | Noticed a +1 mace of chaos
  3882 | D:7      | Found a hide-covered altar of Uskayaw.
  3909 | D:7      | Found a hide-covered altar of Uskayaw.
  4009 | D:7      | Reached skill level 9 in Unarmed Combat
  4009 | D:7      | Reached XP level 9. HP: 87/87 MP: 8/8
  4045 | D:7      | Reached skill level 5 in Fighting
  4119 | D:7      | Reached ** piety under Makhleb
  4168 | D:7      | Found a basalt altar of Yredelemnul.
  4476 | D:7      | Reached skill level 10 in Unarmed Combat
  5098 | D:8      | Found a sacrificial altar of Ru.
  5323 | D:8      | Reached *** piety under Makhleb
  5648 | D:9      | Found a staircase to the Lair.
  5660 | D:9      | Reached XP level 10. HP: 85/91 MP: 9/9
  5686 | D:9      | Reached skill level 11 in Unarmed Combat
  5812 | D:9      | Noticed a two-headed ogre
  5817 | D:9      | Killed a two-headed ogre
  5889 | D:9      | Noticed a manticore
  5906 | D:9      | Killed a manticore
  5970 | D:9      | Reached skill level 12 in Unarmed Combat
  6032 | D:9      | Noticed a centaur warrior
  6035 | D:9      | Noticed a deep elf pyromancer
  6036 | D:9      | Noticed a sixfirhy
  6040 | D:9      | Killed a centaur warrior
  6041 | D:9      | Identified the ring of Sloth {rElec Will- Str+4 Int+6}
  6053 | D:9      | Killed a deep elf pyromancer
  6054 | D:9      | Noticed a cyclops
  6055 | D:9      | Reached skill level 13 in Unarmed Combat
  6067 | D:9      | Hit by a large rock thrown by a cyclops

Illustrated notes

Levels and vault maps discovered:
D:1:      beargit_arrival_greenhouse, layout_basic
D:2:      layout_rooms, kennysheep_pointless_box
D:3:      layout_rooms, general_overflow_altar, mainiacjoe_overflow_24_doors
D:4:      layout_rooms, kennysheep_mini_moat, lightli_sewer_entry_pipes
D:5:      layout_rooms, mainiacjoe_overflow_boulevard,
          minmay_temple_entry_gardened_gates, serial_corexii_hall,
          corexii_hall_statues_x, corexii_hall_statues_x,
          corexii_hall_statues_i, chequers_hall_statues_wall_a,
          chequers_hall_statues_wall_a, corexii_hall_statues_i, serial_shops,
          nicolae_shop_rolling_square
D:6:      layout_rooms, ebering_ghost_xom
D:7:      layout_loops_ring, lemuel_mausoleum_altar_yredelemnul,
          nicolae_uskayaw_dance_hall, kennysheep_small_circle
D:8:      layout_gridville, lemuel_crystal_altar
D:9:      minmay_the_grid_triangle_9x9_recursive_2
          [minmay_the_grid_triangle_9x9_prize_special,
          minmay_the_grid_triangle_9x9_cache,
          minmay_the_grid_triangle_9x9_negative_grid,
          minmay_the_grid_triangle_9x9_intruding_spiral], layout_rooms,
          mainiacjoe_overflow_catch_the_wave, chequers_serial_rivers_large_a

Skill      XL: |  1  2  3  4  5  6  7  8  9 10 |
---------------+-------------------------------+-----
Fighting       | 1 2 3 4 6 7 |  7.6
Unarmed Combat | 4 5 6 7 9 10 13 | 13.0
Shapeshifting  | 4 5 6 7 |  7.0
Dodging        | |  1.5

Action                     |  1- 3 |  4- 6 |  7- 9 | 10-12 || total
---------------------------+-------+-------+-------+-------++-------
  Melee: Unarmed           |    88 |   119 |   268 |    55 ||   530
         Punch             |     4 |     3 |    12 |     7 ||    26
    Use: Scroll            |     2 |     2 |     6 |       ||    10
         Potion            |       |       |       |     2 ||     2
   Stab: Sleeping          |     2 |     3 |     4 |       ||     9
 Armour: Animal skin       |    55 |    37 |   150 |    50 ||   292
  Dodge: Dodged            |    44 |    65 |   118 |    37 ||   264

Table legend: (Time is in decaauts)
 A = Elapsed time spent in this place.
 B = Non-inter-level travel time spent in this place.
 C = Inter-level travel time spent in this place.
 D = Time resting spent in this place.
 E = Time spent auto-exploring this place.
 F = Levels seen in this place.
 G = Mean time per level.
                   A        B        C        D        E       F      G
               +--------+--------+--------+--------+--------+-----+--------+
         Total |   6016 |   5798 |    218 |    124 |   4355 |  10 |  601.6 |
       Dungeon |   5877 |   5659 |    218 |    124 |   4262 |   9 |  653.0 |
         Sewer |    138 |    138 |      0 |      0 |     93 |   1 |  138.0 |
               +--------+--------+--------+--------+--------+-----+--------+

Top non-repeatable levels by time:
     D:7: 916 daAuts
     D:8: 899 daAuts
     D:1: 753 daAuts
     D:5: 753 daAuts
     D:4: 648 daAuts
     D:2: 549 daAuts
     D:6: 540 daAuts
     D:9: 410 daAuts
     D:3: 406 daAuts
   Sewer: 138 daAuts
